 Dungeon Crawl Stone Soup version 0.30-a0-142-g7370640ec8 (webtiles) character file.

Game seed: 8962923061213476416

129 qw the Chopper (level 5, -11/32 HPs)
             Began as a Gargoyle Fighter on Sept 26, 2022.
             Mangled by an ogre
             ... wielding a +0 giant club
              (23 damage)
             ... on level 3 of the Dungeon.
             The game lasted 00:00:50 (2131 turns).

qw the Chopper (Gargoyle Fighter)                   Turns: 2131, Time: 00:00:51

Health: -11/32     AC: 13    Str: 22    XL:     5   Next: 12%
Magic:  5/5        EV:  9    Int:  8    God:
Gold:   906        SH:  4    Dex:  9    Spells: 4/4 levels left

rFire   + . .      SeeInvis .    Y - +1 war axe
rCold   . . .      Faith    .    c - +0 buckler
rNeg    + . .      Spirit   .    b - +0 scale mail
rPois   inf        Reflect  .    j - +1 helmet
rElec   +          Harm     .    (no cloak)
rCorr   .          Rampage  .    (no gloves)
Will    .....                    (no boots)
Stlth   ..........               (no amulet)
HPRegen 0.10/turn                l - ring of protection from fire
MPRegen 0.09/turn                (no ring)

@: no status effects
A: sickness immunity, AC +4, negative energy resistance 1, electricity
resistance, torment resistance 1, petrification resistance
a: no special abilities


You were on level 3 of the Dungeon.
You visited 1 branch of the dungeon, and saw 3 of its levels.

You collected 906 gold pieces.


Innate Abilities, Weirdness & Mutations

You are immune to sickness and miasma.
Your stone body is resilient. (AC +4)
You are immune to poison.
You resist negative energy. (rN+)
You are resistant to electric shocks. (rElec)
You are resistant to unholy torment.
You are immune to petrification.


   Skills:
 - Level 3.2 Fighting
 + Level 4.7 Axes
 - Level 3.2 Armour
 - Level 3.2 Shields


You had 4 spell levels left.
You didn't know any spells.
Your spell library was empty.

Inventory:

Hand Weapons
 h - a +0 whip
 Y - a +1 war axe (weapon)
Armour
 b - a +0 scale mail (worn)
 c - a +0 buckler (worn)
 j - a +1 helmet (worn)
Jewellery
 a - an amulet of regeneration
 l - a ring of protection from fire (left hand)
Scrolls
 e - a scroll of identify
Potions
 d - 2 potions of might
 g - a potion of lignification
 m - a potion of heal wounds {unknown}

Dungeon Overview and Level Annotations

Branches:
Dungeon (3/15)

Altars:
Hepliaklqana


Message History

HP restored.
Found a stone staircase leading down.
An endoplasm comes into view.
You slash the endoplasm!
You kill the endoplasm!
An orc comes into view. It is wielding a +0 dagger.
The orc shouts!
You slash the orc!
You kill the orc!
Found a quarterstaff.
Enter note:
a - an amulet of regeneration You open the door.
There is an open door here.
A ball python comes into view.
The ball python hisses angrily.
You slash the ball python!
You kill the ball python!
You see here a ball python corpse.
You open the door.
Found a dagger.
There is an open door here.
An ogre comes into view. It is wielding a +0 giant club.
Found a stone staircase leading down.
You hit the ogre but do no damage. You block the ogre's attack.
You hit the ogre.
The ogre is lightly wounded.
The ogre barely misses you.
You hit the ogre.
The ogre is moderately wounded.
The ogre hits you with a +0 giant club!!
Ouch! That really hurt!
You barely miss the ogre.
The ogre is moderately wounded.
You barely miss the ogre.
The ogre is moderately wounded.
The ogre hits you with a +0 giant club!!
Ouch! That really hurt!
You die...

.....##... #+##.#.#
......... #.###.#. #
###......####.##.#.# >.
.........+......#.#. ..
.........#...)...### .
#. #.......#......#.#
...#.#......%#.......##
#.....#####....#+###.#
#O@...'....'....##
....)..#####....#.###.#
..##+## #....#.# ##
#....#.# #....#.#
######.# ... ...


You could see an ogre.

Vanquished Creatures
  An orc priest (D:3)
  An orc wizard (D:3)
  2 adders
  A worm (D:2)
  4 orcs (D:3)
  5 bats
  3 endoplasms
  2 giant cockroaches
  6 goblins
  7 hobgoblins
  3 kobolds
  2 quokkas (D:1)
  3 ball pythons
  A frilled lizard (D:2)
  2 rats (D:2)
43 creatures vanquished.

Notes
Turn   | Place    | Note
-------+----------+-------------------------------------------
     0 | D:1      | qw the Gargoyle Fighter began the quest for the Orb.
     0 | D:1      | Reached XP level 1. HP: 14/14 MP: 1/1
     0 | D:1      | 0 ||| qw: Version: 0.2-a-10-g399e6c4
     0 | D:1      | 0 ||| qw: Game counter: 465
     0 | D:1      | 0 ||| qw: Always use a shield: true
     0 | D:1      | 0 ||| qw: God list: Okawaru
     0 | D:1      | 0 ||| qw: Allow faded altars: false
     0 | D:1      | 0 ||| qw: Do Orc after D:15 true
     0 | D:1      | 0 ||| qw: Do second Lair branch before Depths: true
     0 | D:1      | 0 ||| qw: Lair rune preference: random
     0 | D:1      | 0 ||| qw: Plans: Normal, Zot:1-4, God:TSO, Crypt, Tomb,
                  | Pan, Slime:5, Hells, Abyss, Orb
     0 | D:1      | 0 ||| PLANNING D:1-11
    47 | D:1      | Reached skill level 2 in Axes
    91 | D:1      | Reached XP level 2. HP: 19/19 MP: 2/2
   774 | D:1      | 774 ||| UPGRADING to ring of protection from fire.
   775 | D:1      | 775 ||| READING 2 scrolls labelled OGOCLIPLEPP.
   776 | D:1      | 776 ||| READING scroll labelled LUVULI OGYHAPPIA.
   777 | D:1      | 777 ||| READING scroll labelled YTO FYN ZUPT.
   778 | D:1      | 778 ||| READING scroll labelled ITHEDA BIUD.
   778 | D:1      | Identified a scroll of acquirement
   778 | D:1      | 778 ||| ACQUIRING 795 gold pieces
   778 | D:1      | Acquired 795 gold pieces
   851 | D:2      | 851 ||| DROPPING +0 club.
   862 | D:2      | Reached skill level 3 in Axes
   929 | D:2      | Reached XP level 3. HP: 23/23 MP: 3/3
  1120 | D:2      | Found a faded altar of an unknown god.
  1608 | D:2      | 1608 ||| UPGRADING to +0 helmet.
  1613 | D:2      | 1613 ||| READING scroll of enchant armour.
  1613 | D:2      | 1613 ||| ENCHANTING +0 helmet.
  1614 | D:2      | 1614 ||| READING scroll labelled YJAZ XYAWNY.
  1615 | D:2      | 1615 ||| READING scroll labelled ZOXYENKICA.
  1620 | D:2      | 1620 ||| DRINKING 2 cyan potions.
  1621 | D:2      | 1621 ||| DRINKING 2 yellow potions.
  1654 | D:2      | 1654 ||| DROPPING potion of flight.
  1702 | D:3      | Found a hazy altar of Hepliaklqana.
  1725 | D:3      | 1725 ||| Stepping ~*~*~tactically~*~*~ (hiding).
  1736 | D:3      | Reached skill level 4 in Axes
  1736 | D:3      | Reached XP level 4. HP: 25/28 MP: 4/4
  1742 | D:3      | HP: 7/28 [orc wizard/puff of flame (4)]
  1747 | D:3      | HP: 4/28 [orc wizard/+0 dagger (1)]
  1754 | D:3      | Reached XP level 5. HP: 5/32 MP: 5/5
  2121 | D:3      | Noticed an ogre
  2131 | D:3      | Mangled by an ogre

Levels and vault maps discovered:
D:1:      minmay_arrival_three_doors, layout_loops_ring
D:2:      layout_rooms, hellmonk_ecumenical_altar_blasted,
          minmay_misc_feat_cross, amcnicky_mini_corridor_feature
D:3:      layout_basic, riverfiend_overflow_shadow_ancestor,
          lemuel_zombie_altar_yredelemnul, corexii_hall_statues_i,
          item_on_display_a

Skill      XL: |  1  2  3 |
---------------+----------+-----
Axes           | 2 3 4 |  4.7
Fighting       | |  3.2
Armour         | |  3.2
Shields        | |  3.2

Action                   |  1- 3 |  4- 6 || total
-------------------------+-------+-------++-------
Melee: War axe           |   147 |    26 ||   173
  Use: Scroll            |     7 |       ||     7
       Potion            |     2 |       ||     2
Armor: Scale mail        |    92 |    14 ||   106
Dodge: Dodged            |    69 |    14 ||    83
Block: Buckler           |    30 |     3 ||    33

Table legend:
 A = Non-vault XP
 B = Vault XP
 C = Vault XP percentage of total XP
 D = Non-vault monster count
 E = Vault monster count
 F = Vault count percentage of total count
                 A         B        C        D         E       F
            +---------+---------+-------+---------+---------+-------
      Total |     185 |       0 |   0.0 |      43 |       0 |   0.0
            +---------+---------+-------+---------+---------+-------
        D:1 |      29 |       0 |   0.0 |      15 |       0 |   0.0
        D:2 |      44 |       0 |   0.0 |      18 |       0 |   0.0
        D:3 |     112 |       0 |   0.0 |      10 |       0 |   0.0
            +---------+---------+-------+---------+---------+-------
